 Dungeon Crawl Stone Soup version 0.15.2 (webtiles) character file.

235 MistressOfTheSands the Insei (level 5, -4/41 HPs)
             Began as a Mummy Monk on Nov 9, 2015.
             Slain by a white imp (5 damage)
             ... summoned by Natasha
             ... on Level 3 of the Dungeon.
             The game lasted 00:05:52 (4514 turns).

MistressOfTheSands the Insei (Mummy Monk)           Turns: 4514, Time: 00:05:53

HP  -4/41        AC  2     Str 18      XL: 5   Next: 76%
MP   5/5         EV 13     Int  9      God:
Gold 101         SH  0     Dex 15      Spells:  0 memorised,  4 levels left

rFire  . . .     SeeInvis .       - Unarmed
rCold  . . .     Clarity  .     a - +0 robe
rNeg   + + +     rCorr    .     (no shield)
rPois  +         rRot     +     (no helmet)
rElec  .         Spirit   .     (no cloak)
SustAb .         Warding  .     (no gloves)
rMut   .         Stasis   .     (no boots)
Gourm  .                        (no amulet)
MR     .....                    k - ring of fire
                                j - +4 ring of strength

@: not resistant to hostile enchantments, unstealthy
A: no food or potions, fire vulnerability, restore body, cold resistance 1,
negative energy resistance 3, poison resistance, torment resistance, unbreathing
a: no special abilities


You were on level 3 of the Dungeon.
You were not hungry.

You visited 1 branch of the dungeon, and saw 4 of its levels.
You also visited: Sewer.

You collected 101 gold pieces.


Innate Abilities, Weirdness & Mutations

You do not eat or drink.
Your flesh is vulnerable to fire.
Your flesh is cold resistant.
You are immune to negative energy.
Your system is resistant to poisons.
You are immune to unholy pain and torment.
You can survive without breathing.


   Skills:
 - Level 3.0 Fighting
 - Level 2.4 Dodging
 - Level 1.5 Stealth
 + Level 5.9 Unarmed Combat


You had 4 spell levels left.
You didn't know any spells.

Inventory:

Missiles
 g - 25 poisoned needles
Armour
 a - a +0 robe (worn)
Scrolls
 b - 3 scrolls of recharging {unknown}
 c - a scroll of enchant weapon {unknown}
 d - 2 scrolls of teleportation {unknown}
 e - 2 scrolls of fear {unknown}
 f - 3 scrolls of remove curse {unknown}
 h - a scroll of identify {unknown}
 i - 2 scrolls of immolation {unknown}
Jewellery
 j - a +4 ring of strength (left hand)
 k - a ring of fire (right hand)
 l - an uncursed amulet of resist mutation {unknown}

Dungeon Overview and Level Annotations

Branches:
Dungeon (4/15)
 Temple: D:4-7

Altars:

Annotations:
D:2 Pikel
D:3 Natasha

#......!.##.######.######
#...?...?...........).(.(
#........##.####.#.######
#........##.# #.#... .
##....£...##.# #.#..... .
#......5..##?. ..#.......
#.......p.####...........#
....###hBr..............
.... #5M####.......... ...
#.....# #.### #>........
....#.#### .........
.###....### .. ..### #.#
..#


You could see a slave, Natasha, 2 white imps, a quokka and a giant cockroach.


Message History

The giant cockroach bites you but does no damage.
Found two items.
A quokka comes into view.
Found 18 gold pieces.
Found a stone staircase leading up.
Natasha, Servant of Life and Death comes into view.
You see here a scroll labeled EROOLUNOEGO.
The quokka bites you but does no damage.
The giant cockroach bites you but does no damage.
Found a stone staircase leading down.
The giant cockroach barely misses you. The quokka bites you.
Natasha claws you but does no damage. Natasha claws you!
* * * LOW HITPOINT WARNING * * *
Natasha mumbles some strange words.
Natasha mumbles some strange words.
The giant cockroach barely misses you. The white imp gestures at you.
The puff of frost hits you!
* * * LOW HITPOINT WARNING * * *
There is a stone staircase leading up here.
The giant cockroach bites you.
* * * LOW HITPOINT WARNING * * *
Natasha stares at you and mumbles some strange words.
The magic dart hits you!
* * * LOW HITPOINT WARNING * * *
The white imp hits you.
* * * LOW HITPOINT WARNING * * *
The white imp freezes you.
You die...

Action                   |  1- 3 |  4- 6 || total
-------------------------+-------+-------++-------
Melee: Unarmed           |   169 |   213 ||   382
 Stab: Sleeping          |     1 |     1 ||     2

Vault maps used:
D:1:      enne_arrival_octagon_isle
D:2:      serial_forest, infiniplex_forest_end_2, infiniplex_forest_join,
          infiniplex_forest_clump_long, infiniplex_forest_lined_room_3,
          infiniplex_forest_zigzag_1, infiniplex_forest_clump_tiny,
          infiniplex_forest_clump_cross
D:3:      portal_sewer_entry_b, serial_undead, serial_undead_e, serial_undead_d,
          serial_undead_b, serial_undead_b, uniq_natasha
D:4:      minitemple, serial_shops, shop, first_bread, amethyst_srp_altar,
          uniq_pikel
Sewer:    sewer_ratzerg_badplayer

Notes
Turn   | Place    | Note
--------------------------------------------------------------
     0 | D:1      | MistressOfTheSands, the Mummy Monk, began the quest for the Orb.
     0 | D:1      | Reached XP level 1. HP: 18/18 MP: 1/1
   261 | D:1      | Reached XP level 2. HP: 17/24 MP: 2/2
   667 | D:1      | Reached skill level 4 in Unarmed Combat
  1093 | D:2      | Reached XP level 3. HP: 29/29 MP: 3/3
  1903 | D:2      | Reached XP level 4. HP: 24/35 MP: 4/4
  2518 | D:2      | Reached skill level 5 in Unarmed Combat
  2692 | D:3      | Found a glowing drain.
  2821 | D:4      | Noticed Pikel
  2821 | D:4      | Noticed a slave
  2821 | D:4      | Noticed a slave
  2821 | D:4      | Noticed a slave
  2821 | D:4      | Noticed a slave
  2830 | Sewer    | Entered a sewer
  2946 | Sewer    | Reached XP level 5. HP: 17/41 MP: 5/5
  4189 | D:3      | Noticed Natasha
  4197 | D:3      | HP: 4/41 [Natasha (2)]
  4199 | D:3      | Killed Natasha
  4507 | D:3      | Noticed Natasha
  4514 | D:3      | HP: 3/41 [Natasha/magic dart (5)]
  4514 | D:3      | HP: 1/41 [white imp[Natasha] (2)]
  4514 | D:3      | Slain by a white imp

Vanquished Creatures
  Natasha (D:3)
  9 adders
  2 green rats (D:3)
  A worm (D:3)
  3 giant geckos
  2 oozes
  An orc (D:3)
  11 bats
  5 giant cockroaches
  6 hobgoblins
  6 jackals
  3 quokkas
  30 ball pythons
  A giant newt (D:1)
  5 goblins
  6 kobolds
  10 rats
  A rat skeleton (D:3)
103 creatures vanquished.
